 Dungeon Crawl Stone Soup version 0.25.1-8-g42b30a86e7 (webtiles) character file.

Game seed: 106148243347806385

85 Knorr the Skirmisher (level 4, -7/61 HPs)
             Began as a Minotaur Berserker on Dec 13, 2020.
             Was a Believer of Trog.
             Killed by divine providence
             ... invoked by an orc priest
              (12 damage)
             ... on level 3 of the Dungeon.
             The game lasted 00:06:32 (1622 turns).

Knorr the Skirmisher (Minotaur Berserker)           Turns: 1622, Time: 00:06:32

Health: -7/61      AC:  3    Str: 23    XL:     4   Next: 25%
Magic:  3/3        EV: 12    Int:  4    God:    Trog [**....]
Gold:   34         SH:  0    Dex:  9    Spells: 3/3 levels left

rFire    . . .     SeeInvis .   a - +0 hand axe
rCold    . . .     Gourm    .   (no shield)
rNeg     . . .     Faith    .   b - +1 animal skin
rPois    .         Spirit   .   (helmet restricted)
rElec    .         Reflect  .   (no cloak)
rCorr    .         Harm     .   (no gloves)
MR       .....                  (no boots)
Stlth    ..........             (no amulet)
HPRegen  0.20/turn              (no ring)
MPRegen  0.08/turn              (no ring)

@: berserking, very quick
A: retaliatory headbutt, horns 2
a: Berserk, Trog's Hand, Renounce Religion


You were on level 3 of the Dungeon.
You worshipped Trog.
Trog was pleased with you.
You were very hungry.

You visited 1 branch of the dungeon, and saw 3 of its levels.

You collected 34 gold pieces.

Inventory:

Hand Weapons
 a - a +0 hand axe (weapon)
Missiles
 d - 83 stones (quivered)
Armour
 b - a +1 animal skin (worn)
Jewellery
 g - a cursed ring of attention {unknown}
 i - an uncursed ring of ice {unknown}
Scrolls
 e - a scroll of teleportation
 j - a scroll of remove curse
 k - a scroll of immolation
Comestibles
 c - 4 rations


   Skills:
 + Level 4.8 Fighting
 + Level 4.6 Axes
 + Level 0.8 Throwing
 + Level 2.6 Armour
 + Level 2.6 Dodging


You had 3 spell levels left.
You didn't know any spells.
Your spell library was empty.

Dungeon Overview and Level Annotations

Branches:
Dungeon (3/15)

Altars:
Elyvilon
Yredelemnul


Innate Abilities, Weirdness & Mutations

You reflexively headbutt those who attack you in melee.
You have a pair of horns on your head.


Message History

The orc misses you.
You are too injured to fight recklessly!
You are too injured to fight recklessly!
You feel a strong urge to attack something.
The orc priest mumbles some strange prayers to Beogh against you.
Beogh smites you!
* * * LOW HITPOINT WARNING * * *
The orc hits you with a +0 falchion.
* * * LOW HITPOINT WARNING * * *
You see here a bat corpse.
You hit the orc priest but do no damage.
Your headbutt misses the orc priest.
The orc priest is lightly wounded.
You slash the orc!
You kill the orc!
Trog accepts your kill.
You completely miss the orc.
The orc priest invokes the aid of Beogh against you.
Beogh smites you!
You die...

## #. ..# .# #. #.#
#.### #. #.##.....
######.##........
.........o.......
.................
.............o@.......
.........).>.....
####.###......... #.
#....!.... #
..#....... .#.##......
##.# ##.... ... ....


You could see an orc priest and 2 orcs.

Vanquished Creatures
  3 adders (D:2)
  A worm (D:2)
  2 leopard geckos (D:2)
  4 orcs (D:3)
  2 giant cockroaches (D:1)
  7 goblins
  A hobgoblin (D:1)
  7 jackals
  A quokka (D:2)
  6 bats
  3 frilled lizards
  7 kobolds
  4 rats
48 creatures vanquished.

Notes
Turn   | Place    | Note
-------+----------+-------------------------------------------
     0 | D:1      | Knorr the Minotaur Berserker began the quest for the Orb.
     0 | D:1      | Reached XP level 1. HP: 19/19 MP: 0/0
    90 | D:1      | Reached XP level 2. HP: 22/27 MP: 1/1
   847 | D:2      | Reached ** piety under Trog
   871 | D:2      | Reached XP level 3. HP: 34/34 MP: 2/2
  1075 | D:2      | Found a basalt altar of Yredelemnul.
  1410 | D:2      | Reached XP level 4. HP: 41/41 MP: 3/3
  1461 | D:2      | Found a white marble altar of Elyvilon.
  1622 | D:3      | Killed from afar by an orc priest

Illustrated notes

Levels and vault maps discovered:
D:1:      nzn_arrival_settlement, layout_loops_ring
D:2:      layout_basic, kennysheep_ying_yang
D:3:      layout_rooms, first_ration, uniq_jessica

Skill      XL: |  1 |
---------------+----+-----
Axes           | 4 |  4.6
Fighting       | 4 |  4.8
Throwing       | |  0.8
Armour         | |  2.6
Dodging        | |  2.6

Action                   |  1- 3 |  4- 6 || total
-------------------------+-------+-------++-------
Melee: Hand axe          |    70 |    11 ||    81
       Headbutt          |    14 |     1 ||    15
Throw: Stone             |    14 |       ||    14
Invok: Berserk           |       |     1 ||     1
  Use: Scroll            |       |     5 ||     5
       Potion            |       |     1 ||     1
  Eat: Chunk             |     2 |       ||     2
Armor: Animal skin       |    16 |     4 ||    20
Dodge: Dodged            |    61 |    12 ||    73
